 Dungeon Crawl Stone Soup version 0.21.0-22-g11d5b52 (webtiles) character file.

216717 Gorglomux the Severer (level 18, -12/166 HPs)
             Began as a Minotaur Wanderer on Jan 18, 2018.
             Was the Champion of Okawaru.
             Mangled by a faun
             ... wielding a +2 spear of piercing
             ... led by a satyr
              (28 damage)
             ... on level 4 of the Shoals.
             The game lasted 00:36:46 (30139 turns).

Gorglomux the Severer (Minotaur Wanderer)          Turns: 30139, Time: 00:36:47

Health: -12/166    AC: 19    Str: 27    XL:     18   Next: 36%
Magic:  23/23      EV: 21    Int: 15    God:    Okawaru [******]
Gold:   2639       SH:  0    Dex: 18    Spells: 19/19 levels left

rFire    + . .     SeeInvis .   x - +4 broad axe (vamp) {god gift}
rCold    . . .     Gourm    .   F - +1 large shield {rN+}
rNeg     + . .     Faith    .   W - +1 ring mail of Puxuoly {Str+5 Int-4 Dex+5}
rPois    +         Spirit   .   (helmet restricted)
rElec    .         Reflect  .   h - +2 cloak
rCorr    .         Harm     .   s - +2 pair of gloves
MR       +....                  a - +1 pair of boots of the Blizzard {god gift, Int+10}
Stlth    ..........             r - amulet of regeneration
HPRegen  0.77/turn              f - ring of protection from fire
MPRegen  0.18/turn              o - ring of poison resistance

@: confused, slowed, glowing, very slow
A: retaliatory headbutt, horns 2
}: 1/15 runes: gossamer
a: Heroism, Finesse, Renounce Religion


You were on level 4 of the Shoals.
You worshipped Okawaru.
Okawaru was exalted by your worship.
You were not hungry.

You visited 6 branches of the dungeon, and saw 32 of its levels.
You also visited: Volcano.

You collected 3187 gold pieces.
You spent 548 gold pieces at shops.

Inventory:

Hand Weapons
 d - the +4 battleaxe of Crusades {god gift, holy, rElec rPois Str-5 Int+7}
   (Okawaru gifted it to you on level 14 of the Dungeon)

   It has been blessed by the Shining One to cause great damage to the undead
   and demons.
   It affects your strength (-5).
   It affects your intelligence (+7).
   It insulates you from electricity.
   It protects you from poison.
 x - a +4 vampiric broad axe (weapon) {god gift}
 y - a +4 dagger of speed
Missiles
 b - 6 poisoned javelins (quivered)
 Z - 11 throwing nets
Armour
 a - the +1 pair of boots of the Blizzard (worn) {god gift, Int+10}
   (Okawaru gifted it to you on level 11 of the Dungeon)

   It affects your intelligence (+10).
 h - a +2 cloak (worn)
 s - a +2 pair of gloves (worn)
 F - a +1 large shield of positive energy (worn)
 W - the +1 ring mail of Puxuoly (worn) {Str+5 Int-4 Dex+5}
   (You found it on level 4 of the Dungeon)

   It affects your strength (+5).
   It affects your intelligence (-4).
   It affects your dexterity (+5).
Jewellery
 f - a ring of protection from fire (left hand)
 o - a ring of poison resistance (right hand)
 r - an amulet of regeneration (around neck)
Wands
 A - a wand of acid (32)
 D - a wand of flame (22)
 E - a wand of enslavement (16)
 G - a wand of disintegration (20)
 I - a wand of iceblast (36)
 O - a wand of clouds (5)
 P - a wand of paralysis (30)
 S - a wand of scattershot (8)
Scrolls
 g - 2 scrolls of fog
 q - 15 scrolls of remove curse
 t - 2 scrolls of enchant armour
 B - 2 scrolls of blinking
 J - 2 scrolls of vulnerability
 M - 3 scrolls of magic mapping
 N - 5 scrolls of immolation
 R - 7 scrolls of identify
 T - 17 scrolls of teleportation
 Y - 6 scrolls of fear
Potions
 i - a potion of haste
 j - 4 potions of invisibility
 m - 5 potions of lignification
 n - 2 potions of magic
 p - 3 potions of might
 u - 5 potions of degeneration
 v - a potion of resistance
 w - 4 potions of agility
 z - 4 potions of heal wounds
 C - a potion of brilliance
 H - 4 potions of ambrosia
 K - a potion of cancellation
 L - 2 potions of flight
 Q - 8 potions of curing
 U - 3 potions of mutation {!q}
Miscellaneous
 V - a phantom mirror
 X - a phial of floods
Comestibles
 k - 50 rations
 l - 14 chunks of flesh


   Skills:
 + Level 16.0 Fighting
 - Level 18.0 Axes
 + Level 16.2 Armour
 + Level 14.8 Dodging
 + Level 17.0 Shields
 - Level 1.3 Spellcasting
   Level 2.1 Fire Magic
 - Level 9.0 Invocations
 - Level 6.0 Evocations


You had 19 spell levels left.
You didn't know any spells.

Dungeon Overview and Level Annotations

Branches:
Dungeon (15/15)            Temple (1/1) D:6            Lair (6/6) D:8
 Shoals (4/4) Lair:3       Spider (4/4) Lair:2        Slime (0/5) Lair:5
    Orc (2/2) D:11            Elf (0/3) Orc:2        Vaults (0/5) D:13
 Depths (0/5) D:15

Altars:
Ashenzari
Cheibriados
Dithmenos
Elyvilon
Fedhas
Gozag
Kikubaaqudgha
Makhleb
Okawaru
Qazlal
Ru
Sif Muna
Trog
Uskayaw
Vehumet
Xom
Yredelemnul
Zin
The Shining One
Jiyva

Shops:
Orc:2 :?(%   Shoals:3 *

Portals:
Pandemonium: Orc:2

Annotations:
Orc:1 exclusion: door


Innate Abilities, Weirdness & Mutations

You reflexively headbutt those who attack you in melee.
You have a pair of horns on your head.


Message History

The faun no longer looks unusually strong!
The faun gestures at you while chanting!
You resist with some effort! The faun misses you!
The faun casts a spell at you!
You butt as though you will be slow longer!
The faun no longer looks unusually strong!
The faun hits you with a spear!
The faun hits you with an uncursed quarterstaff!!! * * * don't die
* * * The faun butts you from afar with an uncursed spear of piercing!!!!!! * * * don't die * * * x2
The faun butts butt with a spear! * * * don't die
* * * The faun misses you!
The faun hits you from afar with an uncursed spear of piercing! * * * don't die * * * x2
The faun hits you with a spear! * * * don't die
* * * The faun hits you with an uncursed spear of piercing!!!!!! rip

≈≈≈≈≈≈≈≈≈≈≈≈≈≈≈≈
≈≈≈≈≈≈≈≈≈≈≈≈≈≈≈≈≈≈≈≈≈≈≈≈
≈≈≈≈≈≈≈≈≈≈≈≈≈≈≈≈≈≈≈≈≈≈≈≈
≈≈≈≈≈≈≈≈≈≈≈≈≈≈≈≈≈≈≈≈≈≈≈≈
≈≈≈≈≈≈≈≈≈≈≈≈≈≈≈≈≈≈≈≈≈≈≈≈
#≈≈≈≈≈≈≈≈≈≈≈≈≈≈≈≈≈..≈≈≈≈
#≈≈≈≈)≈≈≈≈≈≈≈≈≈≈≈≈....≈
#≈≈≈≈≈....≈≈≈≈≈)c..#
#≈≈≈≈....(..((((@c#
#≈≈≈...###(.≈≈≈≈c.#
#≈≈≈...#
########....[.≈≈
#≈≈≈...# ##≈..≈≈≈≈
≈≈≈≈....# #≈≈≈≈≈≈
...≈....# ≈≈≈≈≈≈
........# ≈≈≈≈≈≈
≈.......# ≈≈≈≈≈
........# ≈≈≈≈≈


You could see 3 fauns.

Vanquished Creatures
  Jorgrun (Shoals:4)
  Donald (Shoals:4)
  Polyphemus (Shoals:2)
  Roxanne (Shoals:1)
  Ilsuiw (Shoals:4)
  5 ghost moths
  Louise (Spider:3)
  8 emperor scorpions
  Nessos (D:14)
  2 entropy weavers
  A dire elephant (D:15)
  Snorg (D:12)
  3 merfolk javelineers (Shoals:4)
  9 merfolk impalers
  8 vault guards (D:13)
  4 hydras
  Harold (D:12)
  Erolcha (Orc:2)
  4 merfolk avatars
  2 centaur warriors (D:15)
  7 two-headed ogres
  The ghost of Sharkov the Spear-Bearer, a novice MfSk of Okawaru (D:10)
  A catoblepas (Shoals:2)
  14 death yaks
  2 tengu warriors (D:14)
  4 satyrs
  A soul eater (Orc:2)
  9 orc high priests (Orc:2)
  Nergalle (Lair:2)
  A sun demon (Orc:2)
  A fire crab (D:15)
  4 skeletal warriors (D:14)
  5 unseen horrors
  A gelid demonspawn (Orc:2)
  7 sea snakes
  9 harpies (Shoals:4)
  A necromancer (Lair:3)
  6 orc knights
  A wizard (D:14)
  24 orb spiders
  2 orc sorcerers (Orc:2)
  32 wolf spiders
  5 cyclopes
  11 manticores
  11 ugly things
  A deep elf mage (D:13)
  An oklob plant (Shoals:1)
  9 fauns
  2 moths of wrath
  A slime creature (D:15)
  3 elephants (Lair:5)
  2 black mambas (Lair:6)
  11 merfolk sirens
  5 water nymphs
  Maurice (D:13)
  2 gargoyles
  4 centaur skeletons
  Psyche (D:12)
  A torpor snail (Lair:6)
  9 spiny frogs
  4 komodo dragons
  An efreet (D:14)
  17 demonic crawlers
  2 hellwings (Orc:2)
  An ice devil (Orc:2)
  A meliai (shapeshifter) (D:13)
  7 polar bears
  46 jumping spiders
  A queen bee (Lair:2)
  4 trolls
  9 hornets
  24 merfolk
  A harpy skeleton (D:13)
  7 snapping turtles
  8 dream sheep
  15 blink frogs
  5 wind drakes
  Sigmund (D:2)
  12 hippogriffs
  31 tarantellas
  4 water elementals
  14 spriggans
  70 redbacks
  24 yaks
  5 wyverns
  A shadow (D:15)
  A wraith (D:14)
  A chaos spawn (Orc:2)
  4 basilisks
  6 vampire mosquitoes (D:15)
  5 hungry ghosts
  2 steam dragons (D:5)
  4 wargs
  2 acid dragons
  5 water moccasins
  5 porcupines
  43 orc warriors
  6 sky beasts
  5 ice beasts
  3 black bears (Lair:6)
  4 boggarts (Lair:6)
  29 wolves
  2 phantoms
  2 necrophages
  19 centaurs
  12 ogres
  10 big kobolds
  6 crocodiles
  16 bullfrogs
  Blork the orc (D:6)
  2 wyvern skeletons
  A water moccasin zombie (D:6)
  A water moccasin skeleton (D:5)
  2 scorpions
  43 killer bees
  7 wights
  7 electric eels
  4 centaur zombies
  A lava snake (Volcano)
  8 crimson imps
  2 bullfrog zombies
  4 hounds
  7 jellies
  A quasit (D:11)
  27 orc priests
  2 bullfrog skeletons
  2 iguanas
  26 orc wizards
  Ijyb (D:4)
  7 worker ants
  3 polar bear simulacra (Lair:3)
  5 wolf simulacra (Lair:3)
  A yak simulacrum (Lair:3)
  A worker ant zombie (D:8)
  2 gnolls (D:6)
  11 adders
  3 shadow imps
  An ooze (D:1)
  2 adder zombies
  2 adder skeletons
  2 worms
  A dart slug (D:2)
  5 leopard geckos
  124 orcs
  7 bats
  6 giant cockroaches
  9 goblins
  15 hobgoblins
  12 jackals
  55 kobolds
  4 quokkas
  3 ball pythons
  2 frilled lizards
  5 rats
  2 river rat simulacra (Lair:3)
  A bush (Lair:6)
  A butterfly (Lair:2)
  2 fungi
  5 plants
1225 creatures vanquished.

Vanquished Creatures (collateral kills)
  A wolf (Lair:6)
1 creature vanquished.

Vanquished Creatures (others)
  A ghost moth (Spider:4)
  A cyclops (Shoals:4)
  An orc wizard (D:8)
  A bush (Lair:6)
  3 fungi
  2 plants
9 creatures vanquished.

Grand Total: 1235 creatures vanquished

Notes
Turn   | Place    | Note
-------+----------+-------------------------------------------
     0 | D:1      | Gorglomux the Minotaur Wanderer began the quest for the Orb.
     0 | D:1      | Gorglomux set off with: a +2 scale mail, the Incunabulum of the Mountains, Yschem's Incunabulum of the Volcanoes, a +0 club, a ration
     0 | D:1      | Reached XP level 1. HP: 14/14 MP: 1/1
     0 | D:1      | Identified the Incunabulum of the Mountains
     0 | D:1      | Identified Yschem's Incunabulum of the Volcanoes
   117 | D:1      | Reached skill level 1 in Fighting
   130 | D:1      | Reached XP level 2. HP: 15/23 MP: 3/3
   264 | D:1      | Reached skill level 1 in Dodging
   331 | D:1      | Reached skill level 3 in Armour
   781 | D:1      | Reached XP level 3. HP: 28/29 MP: 4/4
   977 | D:2      | Noticed Sigmund
  1003 | D:2      | Killed Sigmund
  1003 | D:2      | Reached skill level 3 in Fighting
  1003 | D:2      | Reached skill level 3 in Dodging
  1003 | D:2      | Reached XP level 4. HP: 16/39 MP: 5/5
  1003 | D:2      | Reached XP level 5. HP: 19/45 MP: 6/6
  1661 | D:3      | Reached XP level 6. HP: 35/52 MP: 7/7
  2378 | D:4      | Noticed Ijyb
  2386 | D:4      | Killed Ijyb
  2413 | D:4      | Found a blossoming altar of Fedhas.
  2608 | D:4      | Reached XP level 7. HP: 60/60 MP: 8/8
  2943 | D:4      | Got a spiked ring mail
  2954 | D:4      | Identified the cursed +1 ring mail of Puxuoly {Str+5 Int-4 Dex+5} (You found it on level 4 of the Dungeon)
  3192 | D:4      | Found a shattered altar of Ashenzari.
  3285 | D:5      | Entered Level 5 of the Dungeon
  3290 | D:5      | Reached skill level 6 in Armour
  3367 | D:5      | Found a bloodstained altar of Trog.
  3772 | D:5      | Noticed a steam dragon
  3772 | D:5      | Noticed a steam dragon
  3784 | D:5      | Killed a steam dragon
  3794 | D:5      | Killed a steam dragon
  3794 | D:5      | Reached skill level 6 in Fighting
  4075 | D:5      | Reached XP level 8. HP: 70/70 MP: 9/9
  4274 | D:6      | Found a stormy altar of Qazlal.
  4314 | D:6      | Found a staircase to the Ecumenical Temple.
  4333 | D:6      | Reached skill level 6 in Dodging
  4342 | Temple   | Entered the Ecumenical Temple
  4380 | Temple   | Became a worshipper of Warmaster Okawaru
  4911 | D:6      | Found an opulent altar of Gozag.
  5407 | D:6      | Noticed Blork the orc
  5432 | D:6      | Killed Blork the orc
  6007 | D:6      | Reached * piety under Okawaru
  6007 | D:6      | Reached XP level 9. HP: 81/81 MP: 10/10
  6268 | D:6      | Reached skill level 9 in Armour
  6839 | D:7      | Reached skill level 9 in Fighting
  6845 | D:7      | Reached ** piety under Okawaru
  7055 | D:7      | Found a deep blue altar of Sif Muna.
  7101 | D:7      | Found a shattered altar of Ashenzari.
  7264 | D:7      | Found a radiant altar of Vehumet.
  7446 | D:8      | Reached skill level 9 in Dodging
  7485 | D:8      | Reached XP level 10. HP: 74/93 MP: 11/11
  7531 | D:8      | Found a staircase to the Lair.
  7619 | D:8      | Reached skill level 3 in Shields
  7644 | D:8      | Reached *** piety under Okawaru
  7920 | D:9      | Noticed a two-headed ogre
  7952 | D:9      | Killed a two-headed ogre
  8348 | D:9      | Noticed a two-headed ogre
  8584 | D:9      | Reached **** piety under Okawaru
  8593 | D:9      | Got a polished falchion
  8594 | D:9      | Identified the +8 falchion "Banisher" {flame, *Rage rC- MR+ Dex+5} (You found it on level 9 of the Dungeon)
  8638 | D:9      | Reached skill level 9 in Shields
  8979 | D:9      | Found a basalt altar of Yredelemnul.
  9056 | D:9      | Killed a two-headed ogre
  9235 | D:10     | Entered Level 10 of the Dungeon
  9256 | D:10     | Found a blossoming altar of Fedhas.
  9363 | D:10     | Reached XP level 11. HP: 93/99 MP: 9/12
  9628 | D:10     | Noticed Sharkov's ghost (novice MfSk)
  9695 | D:10     | Killed Sharkov's ghost
  9695 | D:10     | Received a gift from Okawaru
  9695 | D:10     | Reached skill level 1 in Invocations
  9837 | D:10     | Found a shimmering altar of Xom.
  9874 | D:10     | Noticed a two-headed ogre
  9880 | D:10     | Killed a two-headed ogre
  9880 | D:10     | Reached ***** piety under Okawaru
 10067 | D:10     | Reached skill level 3 in Invocations
 10067 | D:10     | Reached skill level 3 in Evocations
 10210 | D:11     | Received a gift from Okawaru
 10248 | D:11     | Got a pair of warped boots {god gift}
 10259 | D:11     | Identified the +1 pair of boots of the Blizzard {god gift, Int+10} (Okawaru gifted it to you on level 11 of the Dungeon)
 10270 | D:11     | Noticed a two-headed ogre
 10283 | D:11     | Killed a two-headed ogre
 10311 | D:11     | Found a staircase to the Orcish Mines.
 10328 | D:11     | Noticed a brown ugly thing
 10342 | D:11     | Killed an unseen horror
 10356 | D:11     | Killed a brown ugly thing
 10456 | D:11     | Noticed a two-headed ogre
 10481 | D:11     | Killed a two-headed ogre
 10616 | D:11     | Reached skill level 6 in Invocations
 10736 | D:11     | Reached skill level 6 in Evocations
 10869 | D:11     | Reached XP level 12. HP: 75/106 MP: 15/15
 11210 | D:12     | Noticed an eight-headed hydra
 11222 | D:12     | Killed an eight-headed hydra
 11234 | D:12     | Noticed Snorg
 11485 | D:9      | Identified a scroll of acquirement
 11550 | Lair:1   | Entered Level 1 of the Lair of Beasts
 11699 | Lair:1   | Received a gift from Okawaru
 11837 | Lair:1   | Found a dark tunnel.
 11855 | Lair:1   | Reached skill level 9 in Invocations
 11860 | Volcano  | Entered a volcano
 12272 | Lair:1   | Reached skill level 2 in Axes
 12504 | Lair:1   | Reached skill level 3 in Axes
 12931 | Lair:2   | Noticed Nergalle
 12961 | Lair:2   | Killed Nergalle
 12961 | Lair:2   | Reached skill level 4 in Axes
 12992 | Lair:2   | Found a hole to the Spider Nest.
 13289 | Lair:2   | Reached skill level 5 in Axes
 13419 | Lair:2   | Reached skill level 6 in Axes
 13628 | Lair:2   | Reached skill level 7 in Axes
 13813 | Lair:2   | Reached skill level 8 in Axes
 14400 | Lair:3   | Reached skill level 9 in Axes
 14530 | Lair:3   | Found a staircase to the Shoals.
 14530 | Lair:3   | Noticed a seven-headed hydra
 14549 | Lair:3   | Killed a seven-headed hydra
 14558 | Lair:3   | Received a gift from Okawaru
 14871 | Lair:3   | Reached skill level 10 in Axes
 15415 | Lair:4   | Reached XP level 13. HP: 102/113 MP: 18/18
 15454 | Lair:4   | Found a frozen archway.
 16023 | Lair:5   | Found a viscous altar of Jiyva.
 16024 | Lair:5   | Found a staircase to the Slime Pits.
 16048 | Lair:5   | Reached skill level 11 in Axes
 16063 | Lair:5   | Reached skill level 12 in Axes
 16083 | Lair:5   | Reached skill level 13 in Axes
 16195 | Lair:5   | Received a gift from Okawaru
 16372 | Lair:5   | Reached skill level 14 in Axes
 16965 | Lair:6   | Entered Level 6 of the Lair of Beasts
 17182 | Lair:6   | Reached ****** piety under Okawaru
 17213 | Lair:6   | Received a gift from Okawaru
 17626 | Lair:6   | Reached skill level 15 in Axes
 17779 | Lair:6   | Reached XP level 14. HP: 119/119 MP: 19/19
 17837 | Lair:6   | Reached skill level 16 in Axes
 18577 | D:12     | Killed Snorg
 18719 | D:12     | Received a gift from Okawaru
 18736 | D:12     | Found a shadowy altar of Dithmenos.
 18758 | D:12     | Noticed Psyche
 18767 | D:12     | Killed Psyche
 18824 | D:12     | Noticed Harold
 18834 | D:12     | Killed Harold
 18834 | D:12     | Reached skill level 17 in Axes
 19144 | D:13     | Noticed Maurice
 19156 | D:13     | Killed Maurice
 19348 | D:13     | Received a gift from Okawaru
 19348 | D:13     | Reached skill level 18 in Axes
 19388 | D:13     | Found a gate to the Vaults.
 19730 | D:14     | Reached skill level 12 in Shields
 19919 | D:14     | Received a gift from Okawaru
 19933 | D:14     | Got a fine battleaxe {god gift}
 19934 | D:14     | Identified the +4 battleaxe of Crusades {god gift, holy, rElec rPois Str-5 Int+7} (Okawaru gifted it to you on level 14 of the Dungeon)
 20047 | D:14     | Reached XP level 15. HP: 101/128 MP: 20/20
 20339 | D:14     | Noticed Nessos
 20348 | D:14     | Killed Nessos
 20482 | D:15     | Entered Level 15 of the Dungeon
 21213 | D:15     | Received a gift from Okawaru
 21312 | D:15     | Found a staircase to the Depths.
 21578 | Orc:1    | Entered Level 1 of the Orcish Mines
 21806 | Orc:1    | Found a deep blue altar of Sif Muna.
 22230 | Orc:2    | Entered Level 2 of the Orcish Mines
 22472 | Orc:2    | Found Waitway's Magic Scroll Shoppe.
 22475 | Orc:2    | Found Tan Weqy's Food Emporium.
 22506 | Orc:2    | Reached skill level 12 in Armour
 22520 | Orc:2    | Received a gift from Okawaru
 22558 | Orc:2    | Bought a scroll of enchant armour for 127 gold pieces
 22558 | Orc:2    | Bought a scroll of enchant weapon for 127 gold pieces
 22558 | Orc:2    | Bought a scroll of teleportation for 51 gold pieces
 22558 | Orc:2    | Bought a scroll of blinking for 127 gold pieces
 22638 | Orc:2    | Noticed Erolcha
 22647 | Orc:2    | Killed Erolcha
 22715 | Orc:2    | Found a staircase to the Elven Halls.
 23142 | Orc:2    | Reached skill level 12 in Fighting
 23247 | Orc:2    | Received a gift from Okawaru
 23286 | Orc:2    | Found Ogreru's Book Shop.
 23286 | Orc:2    | Found Askupots's Antique Weapon Boutique.
 23286 | Orc:2    | Found a one-way gate leading to the halls of Pandemonium.
 23602 | Spider:1 | Entered Level 1 of the Spider Nest
 23768 | Spider:1 | Reached XP level 16. HP: 116/141 MP: 21/21
 24251 | Spider:2 | Reached skill level 12 in Dodging
 24640 | Spider:2 | Received a gift from Okawaru
 25336 | Spider:3 | Noticed Louise
 25357 | Spider:3 | Killed Louise
 25357 | Spider:3 | Received a gift from Okawaru
 25653 | Spider:3 | Reached skill level 15 in Shields
 25940 | Spider:4 | Entered Level 4 of the Spider Nest
 26235 | Spider:4 | Reached XP level 17. HP: 127/152 MP: 15/22
 26398 | Spider:4 | Received a gift from Okawaru
 26491 | Spider:4 | Got a gossamer rune of Zot
 27305 | Shoals:1 | Entered Level 1 of the Shoals
 27456 | Shoals:1 | Reached skill level 15 in Armour
 27466 | Shoals:1 | Received a gift from Okawaru
 27493 | Shoals:1 | Noticed Roxanne
 27581 | Shoals:1 | Killed Roxanne
 27592 | Shoals:1 | Got a vibrating bone amulet
 27593 | Shoals:1 | Identified the amulet "Naku" {Inacc rElec MR+} (You found it on level 1 of the Shoals)
 28205 | Shoals:2 | Reached skill level 15 in Fighting
 28602 | Shoals:2 | Noticed Polyphemus
 28631 | Shoals:2 | Killed Polyphemus
 29354 | Shoals:3 | Found Cilurud's Assorted Antiques.
 29373 | Shoals:3 | Bought a potion of agility for 116 gold pieces
 29508 | Shoals:3 | Reached XP level 18. HP: 150/163 MP: 23/23
 29638 | Shoals:4 | Entered Level 4 of the Shoals
 29641 | Shoals:4 | Noticed Ilsuiw
 29646 | Shoals:4 | Noticed Donald
 29692 | Shoals:4 | Killed Donald
 29713 | Shoals:4 | Killed Ilsuiw
 29733 | Shoals:4 | Noticed Jorgrun
 29770 | Shoals:4 | Killed Jorgrun
 29776 | Shoals:4 | HP: 6/166 [merfolk impaler/demon trident of electrocution (16)]
 29784 | Shoals:4 | Received a gift from Okawaru
 30139 | Shoals:4 | Mangled by a faun

Skill      XL: |  1  2  3  4  5  6  7  8  9 10 11 12 13 14 15 16 17 18 |
---------------+-------------------------------------------------------+-----
Fighting       | 1 3 4 6 8 9 10 12 14 15 16 | 16.0
Dodging        | 1 3 4 5 7 9 11 13 14 | 14.8
Armour         | 3 4 5 6 8 10 11 12 14 15 16 | 16.2
Shields        | 2 10 11 12 13 15 16 17 | 17.0
Invocations    | 6 9 |  9.0
Evocations     | 6 |  6.0
Axes           | 10 15 18 | 18.0
Spellcasting   | |  1.3
Fire Magic     | |  2.1

Action                   |  1- 3 |  4- 6 |  7- 9 | 10-12 | 13-15 | 16-18 || total
-------------------------+-------+-------+-------+-------+-------+-------++-------
Melee: Club              |    15 |       |       |       |       |       ||    15
       Dagger            |   108 |   246 |   398 |  1004 |       |       ||  1756
       Headbutt          |    18 |    49 |   116 |   371 |   420 |   447 ||  1421
       Punch             |       |       |     4 |     5 |       |       ||     9
       War axe           |       |       |       |    55 |       |       ||    55
       Broad axe         |       |       |       |    37 |  1253 |  1541 ||  2831
Throw: Tomahawk          |       |     5 |       |       |       |       ||     5
       Javelin           |       |       |       |     5 |     1 |       ||     6
Invok: Heroism           |       |       |     4 |    29 |     8 |     7 ||    48
       Finesse           |       |       |       |     1 |     3 |     6 ||    10
Evoke: Wand              |       |       |     4 |     3 |     3 |    12 ||    22
       Phial of floods   |       |       |       |       |       |     1 ||     1
  Use: Potion            |     3 |       |     4 |       |       |     5 ||    12
       Scroll            |       |     1 |     7 |    17 |    14 |     4 ||    43
 Stab: Invisible         |       |       |     1 |       |       |       ||     1
       Paralysed         |       |       |       |       |     2 |       ||     2
       Sleeping          |       |       |       |       |     1 |       ||     1
       Petrifying        |       |       |       |       |       |     1 ||     1
       Petrified         |       |       |       |       |       |     1 ||     1
  Eat: Chunk             |       |     6 |    14 |    22 |    25 |    23 ||    90
       Ration            |       |       |     1 |     3 |     1 |       ||     5
Armor: Scale mail        |    15 |       |       |       |       |       ||    15
       Plate armour      |    61 |   161 |     6 |       |       |       ||   228
       Ring mail         |       |       |    88 |   136 |   205 |   377 ||   806
Dodge: Dodged            |    38 |    72 |   271 |   434 |   392 |   719 ||  1926
Block: Large shield      |       |       |       |   719 |  1239 |  1695 ||  3653
